 Dungeon Sprint DCSS version 0.31-a0-1071-gaead2f62b1 (webtiles) character file.

Game seed: 9141476024085625157

28182137 rocky1 the Shapeless Tengu (level 21, 179/179 HPs)
             Began as a Tengu Shapeshifter on Nov 24, 2023.
             Was an Initiate of Gozag.
             Escaped with the Orb
             ... and 9 runes on Nov 26, 2023!
             The game lasted 00:48:16 (18458 turns).

rocky1 the Shapeless Tengu (Tengu Shapeshifter)    Turns: 18458, Time: 00:48:17

Health: 179/179    AC: 17    Str: 19    XL:     21   Next: 57%
Magic:  46/46      EV: 36    Int: 15    God:    Gozag
Gold:   10830      SH:  0    Dex: 21    Spells: 65/71 levels left

rFire   + +          .
                       - Unarmed
rCold   + + .        (no shield)
rNeg    + + +        O - +0 scale mail of the Many Wars {Contam +Blink Slay+2 SInv}
rPois   ∞            A - +2 hat
rElec   .            F - +1 cloak
rCorr   .            (no gloves)
SInv    +            (boots unavailable)
Will    ++++.        Q - amulet of regeneration
Stlth   +++          n - ring "Nisib" {rF+ Int+3 Stlth+}
HPRegen 1.29/turn    m - ring "Jobinw Cenitt" {rC+ EV+3}
MPRegen 0.30/turn

%: no teleportation, acrobat, clarity
@: death-form, flying, studying 2 skills
A: vile attack, torment immunity, no potions, flying, beak, talons 3, evasive
flight, acrobatic, iridescent scales 1, clarity, deformed body, fire resistance
1, low MP 1, strong-willed 2, robust 1, strong 1
0: Orb of Zot
}: 9/17 runes: decaying, serpentine, barnacled, slimy, elven, silver, golden,
abyssal, gossamer
a: Siphon Essence, Begin Untransformation, Renounce Religion, Evoke Blink,
Potion Petition, Call Merchant, Bribe Branch


You escaped.
You worshipped Gozag.
Gozag was extremely pleased with you.
You were an undying horror.
You visited 1 branch You collected 55828 gold pieces.
You spent 25251 gold pieces at shops.
You paid 19747 gold pieces to Gozag.

Inventory:

Hand Weapons
 Z - a +3 eudemon blade of holy wrath
Armour
 A - a +2 hat (worn)
 F - a +1 cloak (worn)
 O - the +0 scale mail of the Many Wars (worn) {Contam +Blink Slay+2 SInv}
   (You bought it in a shop in the Dungeon)

   Slay+2:    It affects your accuracy & damage with ranged weapons and melee
   (+2).
   SInv:      It lets you see invisible.
   +Blink:    It lets you blink.
   Contam:    It causes magical contamination when unequipped.
Jewellery
 a - the ring "Haibaof" {Dex+2 Slay+2 SInv}
   (You found it in the Dungeon)

   [ring of see invisible]

   Dex+2:     It affects your dexterity (+2).
   Slay+2:    It affects your accuracy & damage with ranged weapons and melee
   (+2).
   SInv:      It lets you see invisible.
 m - the ring "Jobinw Cenitt" (right hand) {rC+ EV+3}
   (You found it in the Dungeon)

   [ring of evasion]

   EV+3:      It affects your evasion (+3).
   rC+:       It protects you from cold.
 n - the ring "Nisib" (left hand) {rF+ Int+3 Stlth+}
   (You found it in the Dungeon)

   [ring of protection from fire]

   Int+3:     It affects your intelligence (+3).
   rF+:       It protects you from fire.
   Stlth+:    It makes you more stealthy.
 u - a ring of poison resistance
 Q - an amulet of regeneration (around neck)
Talismans
 c - a beast talisman
 d - a flux talisman
 l - a serpent talisman
 p - a dragon-blood talisman
 q - a talisman of death (active)
 v - a storm talisman
Wands
 B - a wand of mindburst (8)
 X - a wand of polymorph (7)
Scrolls
 j - 4 scrolls of fear
 k - 2 scrolls of amnesia
 o - a scroll of identify
 s - 6 scrolls of enchant weapon
 t - 13 scrolls of enchant armour
 U - 4 scrolls of blinking
 W - 2 scrolls of fog
 Y - 2 scrolls of immolation
Potions
 b - 5 potions of brilliance
 e - 10 potions of curing
 f - a potion of berserk rage
 g - 8 potions of haste
 h - 9 potions of magic
 i - a potion of invisibility
 H - a potion of might
 I - 4 potions of mutation
 J - 3 potions of resistance
 K - a potion of ambrosia
 M - a potion of attraction
Miscellaneous
 r - a condenser vane
 L - a lightning rod (4/4)
 N - a phantom mirror


   Skills:
 O Level 27 Fighting
 O Level 27 Armour
 O Level 27 Dodging
 O Level 27 Stealth
 O Level 27 Unarmed Combat
 + Level 25.8 Spellcasting
 + Level 22.0 Fire Magic
 O Level 27 Air Magic
 O Level 27 Evocations
 O Level 27 Shapeshifting


You had 65 spell levels left.
You knew the following spells:

 Your Spells              Type           Power      Damage    Failure   Level
a - Plasma Beam           Fire/Air       37%        2x1d51    1%          6

Your spell library contained the following spells:

 Spells                   Type           Power      Damage    Failure   Level
 Shock                    Conj/Air       100%       1d9       0%          1
 Scorch                   Fire           100%       2d9       0%          2
 Swiftness                Air            79%        N/A       0%          3
 Airstrike                Air            39%        2d(6-22)  0%          4
 Foxfire                  Conj/Fire      100%       2x1d9     1%          1
 Cigotuvi's Dreadful Rot  Necr/Pois/Air  92%        N/A       1%          2
 Poisonous Vapours        Pois/Air       100%       N/A       1%          2
 Ignite Poison            Fire/Tmut/Pois 41%        N/A       1%          3
 Mephitic Cloud           Conj/Pois/Air  46%        N/A       1%          3
 Flame Wave               Conj/Fire      51%        2d13      1%          4
 Sticky Flame             Conj/Fire      51%        2d7       1%          4
 Summon Lightning Spire   Summ/Air       56%        N/A       1%          4
 Arcjolt                  Conj/Air       28%        1d38      1%          5
 Fireball                 Conj/Fire      25%        3d11      1%          5
 Freezing Cloud           Conj/Ice/Air   23%        6-21      1%          5
 Silence                  Hex/Air        28%        N/A       1%          5
 Ignition                 Fire           35%        3d11      2%          8
 Apportation              Tloc           38%        N/A       3%          1
 Necrotise                Necr           76%        1d7       3%          1
 Sting                    Tmut/Pois      76%        1d6       3%          1
 Summon Small Mammal      Summ           76%        N/A       3%          1
 Ensorcelled Hibernation  Hex/Ice        38%        N/A       4%          2
 Jinxbite                 Hex            38%        N/A       4%          2
 Passwall                 Tmut/Erth      15%        N/A       4%          2
 Sublimation of Blood     Necr           19%        N/A       4%          2
 Wereblood                Tmut           19%        N/A       4%          2
 Starburst                Conj/Fire      25%        6d8       4%          6
 Call Canine Familiar     Summ           19%        N/A       9%          3
 Gell's Gravitas          Tloc           19%        N/A       9%          3
 Sigil of Binding         Hex            19%        N/A       9%          3
 Stone Arrow              Conj/Erth      38%        3d9       9%          3
 Summon Guardian Golem    Hex/Summ       19%        N/A       9%          3
 Teleport Other           Tloc           19%        N/A       9%          3
 Animate Armour           Summ/Erth      38%        N/A       30%         4
 Brom's Barrelling Bould  Conj/Erth      19%        2d4       30%         4
 Dimensional Bullseye     Hex/Tloc       9%         N/A       30%         4
 Dispel Undead            Necr           19%        3d11      30%         4
 Leda's Liquefaction      Hex/Erth       9%         N/A       30%         4
 Olgreb's Toxic Radiance  Pois           19%        N/A       30%         4
 Passage of Golubria      Tloc           19%        N/A       30%         4
 Petrify                  Tmut/Erth      19%        N/A       30%         4
 Summon Ice Beast         Ice/Summ       19%        N/A       30%         4
 Alistair's Intoxication  Tmut/Pois      12%        N/A       63%         5
 Borgnjor's Vile Clutch   Necr/Erth      9%         N/A       63%         5
 Summon Forest            Summ/Tloc      9%         N/A       63%         5
 Summon Mana Viper        Hex/Summ       19%        N/A       63%         5
 Yara's Violent Unravell  Hex/Tmut       9%         3d6       63%         5
 Death Channel            Necr           9%         N/A       99%         6
 Dispersal                Tloc           9%         N/A       99%         6
 Summon Cactus Giant      Summ           9%         N/A       99%         6
 Malign Gateway           Summ/Tloc      9%         N/A       100%        7
 Monstrous Menagerie      Summ           9%         N/A       100%        7
 Orb of Destruction       Conj           9%         9d6       100%        7
 Ozocubu's Refrigeration  Ice            9%         4d9       100%        7
 Spellforged Servitor     Conj/Summ      9%         N/A       100%        7
 Summon Hydra             Summ           9%         N/A       100%        7
 Lehudib's Crystal Spear  Conj/Erth      9%         10d4      100%        8
 Summon Horrible Things   Summ           9%         N/A       100%        8
 Polar Vortex             Ice            9%         12d1*     100%        9
 Simulacrum               Ice/Necr       Unusable   N/A       N/A         6

Dungeon Overview and Level Annotations

Branches:
Dungeon (1/1)

Altars:
Cheibriados
Dithmenos
Elyvilon
Fedhas
Gozag
Hepliaklqana
Kikubaaqudgha
Makhleb
Nemelex Xobeh
Okawaru
Qazlal
Ru
Sif Muna
Trog
Uskayaw
Vehumet
Wu Jian
Xom
Yredelemnul
Zin
The Shining One
Jiyva
Lugonu

Shops:
D :**:=:!*![(*?=


Innate Abilities, Weirdness & Mutations

You are an undying horror.
Your melee and unarmed attacks drain, slow and weaken victims.
You are immune to unholy pain and torment.
You cannot drink.
You are flying.
You are immune to poison.
You have a beak for a mouth.
You have claws for feet.
Your magical flight helps you evade attacks. (EV +4)
You can magically evade attacks while moving or waiting.
You are partially covered in iridescent scales. (AC +2)
You possess an exceptional clarity of mind.
Armour fits poorly on your strangely shaped body.
Your flesh is heat resistant. (rF+)
Your magical capacity is low. (-10% MP)
You are highly strong-willed. (Will++)
You are robust. (+10% HP)
Your muscles are strong. (Str +4, Int/Dex -1)


Message History

Your peck misses the orange demon. Your punch misses the orange demon.
The orange demon is severely wounded.
Unknown command.
You hit the orange demon.
The orange demon decays.
Your kick misses the orange demon.
You peck the orange demon, but do no damage.
You punch the orange demon!!
You kill the orange demon!
You pummel the Ice Fiend!!
The Ice Fiend decays.
You claw the Ice Fiend. Your peck misses the Ice Fiend.
You punch the Ice Fiend!
The Ice Fiend is heavily wounded.
The tormentor is distracted by your dazzling golden aura.
You barely miss the Ice Fiend.
The tormentor roars!
You claw the Ice Fiend, but do no damage.
You punch the Ice Fiend.
The Ice Fiend is heavily wounded.
You punch the Ice Fiend!
The Ice Fiend decays.
Your kick misses the Ice Fiend. Your punch misses the Ice Fiend.
The Ice Fiend is heavily wounded.
The Ice Fiend barely misses you. The Ice Fiend claws you.
The Ice Fiend freezes you! You resist.
You pummel the Ice Fiend like a punching bag!!!
You kill the Ice Fiend!
Your Fire Magic skill increases to level 22!
The tormentor is no longer distracted by gold.
The tormentor completely misses you. x2
There is an open door to the Dungeon here.
You see here 117 gold pieces.
You pulverise the tormentor!!!
You kill the tormentor!
You now have 10623 gold pieces (gained 63).
You now have 10740 gold pieces (gained 117).
There is an open door to the Dungeon here.
You now have 10830 gold pieces (gained 90).
You start resting.
HP restored.
There is a staircase leading out of the dungeon here.
You can't go down here!
You have escaped!

.▓.▓.▓.▓.▓.▓.▓.▓.▓
.▓.▓.▓.▓.▓.▓'▓.▓.▓
.▓.▓.▓.▓.▓.▓.▓.▓.▓
.▓.▓[▓.▓.▓.▓.▓.▓.▓
.▓.▓.▓.▓[▓.▓.▓.▓'▓
.▓.▓.▓[▓.▓.▓.▓.▓.▓
.▓.▓.▓.▓.▓.▓.▓.▓.▓
.▓.▓.▓[▓.▓.▓.▓.▓.▓
...▓...▓...▓...▓z▓
▓▓▓▓▓▓▓▓▓▓▓▓▓▓▓▓▓▓


There were no monsters in sight!

Vanquished Creatures
  the Royal Jelly (D)
  4 ancient liches (D)
  Mennas (D)
  Mara (D)
  7 orbs of fire (D)
  Boris (D)
  5 royal mummies (D)
  Frederick (D)
  3 pandemonium lords (D)
  2 Killer Klowns (D)
  A curse toe (D)
  Jory (D)
  4 golden dragons (D)
  A bone dragon (D)
  Nikola (D)
  3 electric golems (D)
  A Brimstone Fiend (D)
  A Hell Sentinel (D)
  3 Ice Fiends (D)
  5 tentacled monstrosities (D)
  6 liches (D)
  A quicksilver dragon (D)
  30 Orb Guardians (D)
  A titan (D)
  4 deep elf blademasters (D)
  13 sphinxes (D)
  2 Executioners (D)
  Gastronok (D)
  8 acid blobs (D)
  A tengu reaver (D)
  3 storm dragons (D)
  4 nagarajas (D)
  Kirke (D)
  Ilsuiw (D)
  A draconian monk (D)
  9 shadow dragons (D)
  4 frost giants (D)
  8 rockslimes (D)
  2 draconian knights (D)
  4 azure jellies (D)
  2 ghost moths (D)
  2 draconian shifters (D)
  4 emperor scorpions (D)
  2 deep elf sorcerers (D)
  A draconian annihilator (D)
  5 cacodemons (D)
  An angel (D)
  3 stone giants (D)
  2 reapers (D)
  3 quicksilver oozes (D)
  A demonspawn corrupter (D)
  3 ironbound preservers (D)
  Nessos (D)
  6 very ugly things (D)
  7 vampire knights (D)
  An ironbound thunderhulk (D)
  A yellow draconian (D)
  5 black draconians (D)
  A deep elf demonologist (D)
  2 eleionomae (D)
  3 deep elf annihilators (D)
  3 green draconians (D)
  A lorocyproca (D)
  3 dire elephants (D)
  A demonspawn black sun (D)
  3 purple draconians (D)
  2 red draconians (D)
  6 white draconians (D)
  Azrael (D)
  2 bunyips (D)
  4 merfolk impalers (D)
  4 mummy priests (D)
  2 blizzard demons (D)
  A green death (D)
  4 deep elf death magi (D)
  An ettin (D)
  2 fire dragons (D)
  3 merfolk javelineers (D)
  7 ice dragons (D)
  A deep elf high priest (D)
  A great orb of eyes (D)
  2 rakshasas (D)
  A spriggan air mage (D)
  5 yaktaur captains (D)
  A merfolk avatar (D)
  25 vault guards (D)
  7 hydras (D)
  3 boulder beetles (D)
  5 merfolk aquamancers (D)
  An alligator (D)
  A catoblepas (D)
  2 ironbound frosthearts (D)
  A centaur warrior (D)
  2 deep troll shamans (D)
  A tengu warrior (D)
  3 naga warriors (D)
  4 demonic crawlers (D)
  2 spriggan berserkers (D)
  2 deep troll earth magi (D)
  A vampire mage (D)
  A naga sharpshooter (D)
  2 sun demons (D)
  Nergalle (D)
  A pharaoh ant (D)
  A wretched star (D)
  3 sixfirhies (D)
  A skyshark (D)
  A shadow demon (D)
  A glowing orange brain (D)
  2 arcanists (D)
  6 swamp dragons (D)
  A naga ritualist (D)
  A phantasmal warrior (D)
  3 necromancers (D)
  7 orc knights (D)
  2 deep elf pyromancers (D)
  2 ironbound convokers (D)
  2 steelbarb worms (D)
  A harpy (D)
  A wolf spider (D)
  An ugly thing (D)
  A will-o-the-wisp (D)
  4 cyclopes (D)
  A merfolk siren (D)
  12 moths of wrath (D)
  5 orange demons (D)
  A water nymph (D)
  4 black mambas (D)
  4 vault sentinels (D)
  7 elephants (D)
  3 guardian serpents (D)
  5 naga magi (D)
  A torpor snail (D)
  2 cane toads (D)
  4 smoke demons (D)
  Psyche (D)
  A komodo dragon (D)
  3 tengu conjurers (D)
  An ice devil (D)
  An efreet (D)
  2 yaktaurs (D)
  2 tormentors (D)
  A freezing wraith (D)
  19 guardian mummies (D)
  A wandering mushroom (D)
  A red devil (D)
  3 merfolk (D)
  A hornet (D)
  A tyrant leech (D)
  A dream sheep (D)
  A blink frog (D)
  A snapping turtle (D)
  A slime creature (D)
  A culicivora (D)
  2 jumping spiders (D)
  11 spriggans (D)
  3 fire elementals (D)
  A wraith (D)
  3 golden eyes (D)
  A wyvern (D)
  2 hogs (D)
  A neqoxec (D)
  A golden eye (shapeshifter) (D)
  2 redbacks (D)
  4 yaks (D)
  A basilisk (D)
  Grum (D)
  7 large abominations (D)
  3 hell hounds (D)
  A naga (D)
  4 water moccasins (D)
  2 swamp drakes (D)
  18 orc warriors (D)
  4 wolves (D)
  A phantom (D)
  2 bullfrogs (D)
  3 small abominations (D)
  A killer bee (D)
  A quasit (D)
  A hound (D)
  5 orc priests (D)
  An iguana (D)
  5 orc wizards (D)
  2 white imps (D)
  6 orcs (D)
  2 endoplasms (D)
  A hobgoblin (D)
  A jackal (D)
  A kobold (D)
  A rat (D)
572 creatures vanquished.

Vanquished Creatures (others)
  A merfolk javelineer (D)
  A deep elf death mage (D)
  A rust devil (D)
  A guardian serpent (D)
  A golden eye (D)
  A human (D)
  A foxfire (D)
7 creatures vanquished.

Grand Total: 579 creatures vanquished

Notes
Turn   | Place    | Note
-------+----------+-------------------------------------------
     0 | D        | rocky1 the Tengu Shapeshifter began the quest for the Orb.
     0 | D        | Reached XP level 1. HP: 12/12 MP: 2/2
   240 | D        | Noticed an iguana
   240 | D        | Noticed a phantom
   240 | D        | Noticed a hound
   245 | D        | Killed a hound
   246 | D        | Reached skill level 5 in Unarmed Combat
   246 | D        | Reached XP level 2. HP: 17/17 MP: 3/3
   246 | D        | Reached XP level 3. HP: 21/21 MP: 4/4
   249 | D        | Killed a phantom
   250 | D        | Reached skill level 5 in Shapeshifting
   250 | D        | Reached XP level 4. HP: 28/28 MP: 5/5
   254 | D        | Reached XP level 5. HP: 32/33 MP: 6/6
   259 | D        | Found a snail-covered altar of Cheibriados.
   259 | D        | Found a shadowy altar of Dithmenos.
   259 | D        | Found a white marble altar of Elyvilon.
   259 | D        | Found a blossoming altar of Fedhas.
   259 | D        | Found an opulent altar of Gozag.
   260 | D        | Found a hazy altar of Hepliaklqana.
   261 | D        | Found a viscous altar of Jiyva.
   262 | D        | Found an ancient bone altar of Kikubaaqudgha.
   263 | D        | Found a corrupted altar of Lugonu.
   266 | D        | Found a burning altar of Makhleb.
   267 | D        | Found a sparkling altar of Nemelex Xobeh.
   268 | D        | Found an iron altar of Okawaru.
   273 | D        | Became a worshipper of Gozag Ym Sagoz the Greedy
   274 | D        | Found a stormy altar of Qazlal.
   275 | D        | Found a sacrificial altar of Ru.
   276 | D        | Found a shimmering blue altar of Sif Muna.
   277 | D        | Found a bloodstained altar of Trog.
   278 | D        | Found a hide-covered altar of Uskayaw.
   279 | D        | Found a radiant altar of Vehumet.
   280 | D        | Found an ornate altar of the Wu Jian Council.
   281 | D        | Found a shimmering altar of Xom.
   282 | D        | Found a basalt altar of Yredelemnul.
   283 | D        | Found a glowing silver altar of Zin.
   284 | D        | Found a glowing golden altar of the Shining One.
   334 | D        | Noticed a wraith
   334 | D        | Noticed a hornet
   334 | D        | Noticed a wyvern
   334 | D        | Noticed a yak
   334 | D        | Noticed a komodo dragon
   340 | D        | Killed a komodo dragon
   341 | D        | Reached XP level 6. HP: 41/41 MP: 7/7
   342 | D        | Killed a yak
   343 | D        | Reached skill level 10 in Unarmed Combat
   343 | D        | Gained mutation: Your magical flight helps you evade
                  | attacks. (EV +4) [Tengu growth]
   343 | D        | Reached XP level 7. HP: 47/47 MP: 8/8
   346 | D        | Killed a wyvern
   347 | D        | Reached skill level 5 in Dodging
   351 | D        | Killed a hornet
   352 | D        | Reached skill level 1 in Evocations
   352 | D        | Reached XP level 8. HP: 35/53 MP: 9/9
   364 | D        | Killed a wraith
   736 | D        | Noticed a deep elf pyromancer
   736 | D        | Noticed a deep elf pyromancer
   736 | D        | Noticed a cyclops
   744 | D        | Killed a cyclops
   745 | D        | Reached skill level 1 in Armour
   745 | D        | Reached skill level 10 in Shapeshifting
   757 | D        | Killed a deep elf pyromancer
   758 | D        | Reached XP level 9. HP: 53/60 MP: 10/10
   762 | D        | Killed a deep elf pyromancer
   763 | D        | Reached skill level 1 in Stealth
  1279 | D        | Noticed a cane toad
  1279 | D        | Noticed a cane toad
  1284 | D        | Noticed a skyshark
  1287 | D        | Killed a cane toad
  1288 | D        | Reached skill level 15 in Unarmed Combat
  1293 | D        | Killed a cane toad
  1294 | D        | Reached skill level 10 in Fighting
  1294 | D        | Reached XP level 10. HP: 68/68 MP: 11/11
  1889 | D        | Killed a skyshark
  2214 | D        | Noticed a black mamba
  2218 | D        | Noticed an elephant
  2224 | D        | Reached skill level 5 in Armour
  2239 | D        | Killed a black mamba
  2254 | D        | Killed an elephant
  2672 | D        | Bought an amulet of reflection for 480 gold pieces
  2672 | D        | Bought a storm talisman for 1280 gold pieces
  2682 | D        | Noticed a dire elephant
  2682 | D        | Noticed a dire elephant
  2682 | D        | Noticed an elephant
  2682 | D        | Noticed an elephant
  2682 | D        | Noticed an elephant
  2682 | D        | Noticed an elephant
  2683 | D        | Noticed an elephant
  2690 | D        | Killed an elephant
  2817 | D        | Killed a dire elephant
  2818 | D        | Reached XP level 11. HP: 14/74 MP: 12/12
  3364 | D        | Killed a dire elephant
  3898 | D        | Noticed Gastronok
  3915 | D        | Killed Gastronok
  3916 | D        | Reached skill level 15 in Shapeshifting
  3918 | D        | Noticed Grum
  3925 | D        | Killed Grum
  3996 | D        | Noticed Psyche
  4004 | D        | Killed Psyche
  4618 | D        | Found Ifoequ's Magic Scroll Boutique.
  4618 | D        | Noticed an orc knight
  4619 | D        | Noticed an orc knight
  4622 | D        | Found Yhiunyos's General Store.
  4625 | D        | Noticed an orc knight
  4632 | D        | Killed an orc knight
  4892 | D        | Bought a book of Callings for 320 gold pieces
  4892 | D        | Bought a book of Fire for 512 gold pieces
  4892 | D        | Bought the Information on Permutations for 480 gold pieces
  4892 | D        | Bought a book of the Hunter for 576 gold pieces
  4892 | D        | Bought a book of Decay for 480 gold pieces
  4892 | D        | Bought a book of Burglary for 320 gold pieces
  4892 | D        | Bought a manual of Shapeshifting for 1280 gold pieces
  4969 | D        | Killed an orc knight
  4970 | D        | Reached XP level 12. HP: 81/81 MP: 13/13
  5092 | D        | Found Uvui's Weapon Boutique.
  5096 | D        | Found Tofuotie's Armour Shop.
  5138 | D        | Bought a scroll of fear for 52 gold pieces
  5138 | D        | Bought a scroll of acquirement for 676 gold pieces
  5225 | D        | Acquired a manual of Shapeshifting
  5409 | D        | Noticed a tengu warrior
  5409 | D        | Noticed a catoblepas
  5409 | D        | Noticed a boulder beetle
  5417 | D        | Killed a boulder beetle
  5418 | D        | Noticed a boulder beetle
  5453 | D        | Killed a catoblepas
  5454 | D        | Noticed a frost giant
  5462 | D        | Killed a boulder beetle
  5466 | D        | Killed a tengu warrior
  5471 | D        | Noticed a spriggan berserker
  5482 | D        | Noticed a rakshasa
  5485 | D        | Killed a frost giant
  5486 | D        | Noticed a deep troll earth mage
  5487 | D        | Noticed a death yak
  5488 | D        | Noticed a stone giant
  5594 | D        | Noticed a death yak
  5597 | D        | Killed a spriggan berserker
  5791 | D        | Killed a deep troll earth mage
  5793 | D        | Killed a rakshasa
  5931 | D        | Killed a stone giant
  5932 | D        | Reached XP level 13. HP: 70/91 MP: 14/14
  6052 | D        | Noticed a merfolk impaler
  6061 | D        | Noticed a merfolk impaler
  6068 | D        | Killed a merfolk impaler
  6084 | D        | Reached skill level 15 in Fighting
  6085 | D        | Killed a merfolk impaler
  6118 | D        | Noticed an eleionoma
  6119 | D        | Noticed a bunyip
  6121 | D        | Noticed a bunyip
  6140 | D        | Killed an eleionoma
  6142 | D        | Killed a bunyip
  6145 | D        | Killed a bunyip
  6818 | D        | Noticed Nessos
  6825 | D        | Killed Nessos
  6826 | D        | Reached XP level 14. HP: 100/100 MP: 15/15
  6863 | D        | Bought a potion of berserk rage for 85 gold pieces
  6863 | D        | Bought a potion of curing for 51 gold pieces
  6863 | D        | Bought a potion of mutation for 136 gold pieces
  6863 | D        | Bought 2 potions of resistance for 340 gold pieces
  6863 | D        | Bought a potion of ambrosia for 136 gold pieces
  6863 | D        | Bought a potion of heal wounds for 85 gold pieces
  6863 | D        | Bought a potion of attraction for 51 gold pieces
  6876 | D        | Noticed a red very ugly thing
  6876 | D        | Noticed a frost giant
  6876 | D        | Noticed a lich
  6876 | D        | Noticed a frost giant
  6886 | D        | Killed a frost giant
  6890 | D        | Noticed a green very ugly thing
  6892 | D        | Killed a lich
  6896 | D        | Killed a frost giant
  6900 | D        | Killed a red very ugly thing
  6901 | D        | Noticed a stone giant
  6902 | D        | Noticed a green very ugly thing
  6911 | D        | Killed a green very ugly thing
  6916 | D        | Noticed a green very ugly thing
  6921 | D        | Killed a stone giant
  6926 | D        | Killed a green very ugly thing
  6929 | D        | Noticed a frost giant
  6933 | D        | Killed a green very ugly thing
  6940 | D        | Killed a frost giant
  7114 | D        | Noticed an ironbound preserver
  7114 | D        | Noticed a dire elephant
  7127 | D        | Killed a dire elephant
  7131 | D        | Killed an ironbound preserver
  7133 | D        | Noticed an ironbound thunderhulk
  7159 | D        | Killed an ironbound thunderhulk
  7182 | D        | Reached XP level 15. HP: 24/107 MP: 16/16
  7508 | D        | Bought a lightning rod (4/4) for 1320 gold pieces
  7508 | D        | Bought a phantom mirror for 1320 gold pieces
  7508 | D        | Bought a fine scale mail for 297 gold pieces
  7508 | D        | Identified the +0 scale mail of the Many Wars {Contam
                  | +Blink Slay+2 SInv} (You bought it in a shop in the
                  | Dungeon)
  7544 | D        | Noticed Kirke
  7557 | D        | Killed Kirke
  7703 | D        | Noticed Azrael
  7716 | D        | Reached skill level 10 in Dodging
  7720 | D        | Killed Azrael
  7743 | D        | Noticed Nergalle
  7755 | D        | Killed Nergalle
  7761 | D        | Noticed Boris
  7771 | D        | Killed Boris
  7772 | D        | Reached skill level 10 in Armour
  7772 | D        | Reached skill level 27 in Shapeshifting
  7884 | D        | Noticed a nagaraja
  7884 | D        | Noticed a nagaraja
  7885 | D        | Noticed a nagaraja
  7886 | D        | Killed a nagaraja
  7895 | D        | Killed a nagaraja
  7899 | D        | Killed a nagaraja
  7904 | D        | Noticed a nagaraja
  7914 | D        | Killed a nagaraja
  7932 | D        | Got a serpentine rune of Zot
  8062 | D        | Noticed an emperor scorpion
  8062 | D        | Noticed an emperor scorpion
  8064 | D        | Noticed an emperor scorpion
  8069 | D        | Killed an emperor scorpion
  8076 | D        | Killed an emperor scorpion
  8085 | D        | Killed an emperor scorpion
  8086 | D        | Noticed an emperor scorpion
  8103 | D        | Killed an emperor scorpion
  8111 | D        | Killed a ghost moth
  8124 | D        | Got a gossamer rune of Zot
  8362 | D        | Bought a manual of Ranged Weapons for 1440 gold pieces
  8362 | D        | Bought the Collected Works on Underground Frost for 684
                  | gold pieces
  8362 | D        | Bought the Parchment of Vile Ice for 648 gold pieces
  8362 | D        | Bought a book of Air for 396 gold pieces
  8362 | D        | Bought a book of the Moon for 720 gold pieces
  8362 | D        | Bought the Quarto of Talus for 720 gold pieces
  8372 | D        | Noticed Ilsuiw
  8406 | D        | Killed Ilsuiw
  8431 | D        | Got a barnacled rune of Zot
  8647 | D        | Reached XP level 16. HP: 116/116 MP: 17/17
  8653 | D        | Reached skill level 27 in Unarmed Combat
  8681 | D        | Got a decaying rune of Zot
  9093 | D        | Noticed a sphinx
  9093 | D        | Noticed a tengu reaver
  9096 | D        | Killed a tengu reaver
  9099 | D        | Killed a sphinx
  9100 | D        | Noticed a titan
  9110 | D        | Noticed a shadow dragon
  9114 | D        | Noticed a shadow dragon
  9126 | D        | Killed a titan
  9131 | D        | Killed a shadow dragon
  9135 | D        | Killed a shadow dragon
  9140 | D        | Reached skill level 15 in Dodging
  9200 | D        | Noticed a shadow dragon
  9200 | D        | Noticed a shadow dragon
  9200 | D        | Noticed a lich
  9200 | D        | Noticed a shadow dragon
  9203 | D        | Noticed a golden dragon
  9205 | D        | Killed a shadow dragon
  9206 | D        | Noticed a shadow dragon
  9208 | D        | Killed a lich
  9209 | D        | Reached skill level 27 in Fighting
  9209 | D        | Noticed a tentacled monstrosity
  9211 | D        | Killed a shadow dragon
  9220 | D        | Killed a golden dragon
  9222 | D        | Reached XP level 17. HP: 75/139 MP: 18/18
  9227 | D        | Killed a tentacled monstrosity
  9231 | D        | Identified the +10 great mace "Beastbane" {heavy, *Corrode
                  | MP+9 Stlth+}
  9245 | D        | Got a silver rune of Zot
  9556 | D        | Noticed Frederick
  9558 | D        | Noticed Mennas
  9578 | D        | Killed Frederick
  9589 | D        | Killed Mennas
 11651 | D        | Bought a book of Armaments for 684 gold pieces
 11651 | D        | Bought a book of Dangerous Friends for 760 gold pieces
 11651 | D        | Bought a Grand Grimoire for 646 gold pieces
 11651 | D        | Bought a book of Beasts for 722 gold pieces
 11651 | D        | Bought a book of Scorching for 570 gold pieces
 11789 | D        | Noticed Jory
 11796 | D        | Killed Jory
 11797 | D        | Reached skill level 5 in Evocations
 11921 | D        | Got the ring "Haibaof" {Dex+2 Slay+2 SInv}
 11923 | D        | Got the ring "Jobinw Cenitt" {rC+ EV+3}
 11925 | D        | Got the ring "Nisib" {rF+ Int+3 Stlth+}
 11927 | D        | Got the ring of Curiosity {Fire Will+}
 11929 | D        | Got the ring "Pyimnia" {Wiz +Blink SInv}
 12029 | D        | Noticed Mara
 12039 | D        | Noticed rocky1's illusion
 12040 | D        | Killed Mara
 12060 | D        | Noticed Nikola
 12068 | D        | Killed Nikola
 12104 | D        | Noticed a lich
 12110 | D        | Killed a lich
 12144 | D        | Noticed a golden dragon
 12145 | D        | Noticed a golden dragon
 12146 | D        | Noticed a bone dragon
 12147 | D        | Reached skill level 10 in Stealth
 12147 | D        | Reached skill level 10 in Evocations
 12149 | D        | Killed a golden dragon
 12151 | D        | Killed a golden dragon
 12159 | D        | Killed a bone dragon
 12198 | D        | Bought a dragon-blood talisman for 900 gold pieces
 12198 | D        | Bought a talisman of death for 1200 gold pieces
 12211 | D        | Noticed an electric golem
 12231 | D        | Killed an electric golem
 12269 | D        | Noticed a tentacled monstrosity
 12285 | D        | Killed a tentacled monstrosity
 12290 | D        | Reached skill level 15 in Stealth
 12301 | D        | Reached XP level 18. HP: 86/145 MP: 19/19
 12866 | D        | Noticed a tentacled monstrosity
 12882 | D        | Reached skill level 15 in Evocations
 12884 | D        | Killed a tentacled monstrosity
 13491 | D        | Noticed a tentacled monstrosity
 13495 | D        | Noticed an orb of fire
 13505 | D        | Killed a tentacled monstrosity
 13506 | D        | Reached skill level 15 in Armour
 13510 | D        | Killed an orb of fire
 13519 | D        | Reached skill level 27 in Dodging
 13739 | D        | Noticed an Orb Guardian
 13739 | D        | Noticed an Orb Guardian
 13739 | D        | Noticed an Orb Guardian
 13739 | D        | Noticed an Orb Guardian
 13739 | D        | Noticed an Orb Guardian
 13739 | D        | Noticed an Orb Guardian
 13740 | D        | Noticed an Orb Guardian
 13741 | D        | Killed an Orb Guardian
 13742 | D        | Noticed an Orb Guardian
 13743 | D        | Killed an Orb Guardian
 13744 | D        | Noticed an Orb Guardian
 13747 | D        | Killed an Orb Guardian
 13751 | D        | Killed an Orb Guardian
 13754 | D        | Killed an Orb Guardian
 13755 | D        | Noticed an Orb Guardian
 13757 | D        | Killed an Orb Guardian
 13762 | D        | Killed an Orb Guardian
 13763 | D        | Killed an Orb Guardian
 13767 | D        | Killed an Orb Guardian
 13772 | D        | Killed an Orb Guardian
 13796 | D        | Noticed a curse toe
 13796 | D        | Noticed an Orb Guardian
 13796 | D        | Noticed an Orb Guardian
 13796 | D        | Noticed a tentacled monstrosity
 13802 | D        | Killed a tentacled monstrosity
 13803 | D        | Noticed an Orb Guardian
 13808 | D        | Killed an Orb Guardian
 13809 | D        | Killed an Orb Guardian
 13809 | D        | Noticed an Orb Guardian
 13815 | D        | Killed a curse toe
 13816 | D        | Killed an Orb Guardian
 13819 | D        | Killed an Orb Guardian
 13915 | D        | Noticed an ancient lich
 13920 | D        | Killed an ancient lich
 13923 | D        | Gained mutation: You are frail. (-10% HP) [potion of
                  | mutation]
 13923 | D        | Gained mutation: You are strong-willed. (Will+) [potion of
                  | mutation]
 13923 | D        | Gained mutation: You occasionally lose the ability to drink
                  | potions when taking damage. [potion of mutation]
 13923 | D        | Gained mutation: You are highly strong-willed. (Will++)
                  | [potion of mutation]
 13924 | D        | Lost mutation: You occasionally lose the ability to drink
                  | potions when taking damage. [potion of mutation]
 13924 | D        | Lost mutation: You are frail. (-10% HP) [potion of
                  | mutation]
 13924 | D        | Lost mutation: You are highly strong-willed. (Will++)
                  | [potion of mutation]
 13924 | D        | Gained mutation: You are highly strong-willed. (Will++)
                  | [potion of mutation]
 13924 | D        | Gained mutation: You have supernaturally acute eyesight.
                  | (SInv) [potion of mutation]
 13924 | D        | Gained mutation: You occasionally lose the ability to drink
                  | potions when taking damage. [potion of mutation]
 13925 | D        | Lost mutation: You occasionally lose the ability to drink
                  | potions when taking damage. [potion of mutation]
 13925 | D        | Lost mutation: You have supernaturally acute eyesight.
                  | (SInv) [potion of mutation]
 13925 | D        | Gained mutation: You are partially covered in iridescent
                  | scales. (AC +2) [potion of mutation]
 13925 | D        | Gained mutation: You possess an exceptional clarity of
                  | mind. [potion of mutation]
 13925 | D        | Gained mutation: Your flesh is heat resistant. (rF+)
                  | [potion of mutation]
 13925 | D        | Gained mutation: Your muscles are strong. (Str +4, Int/Dex
                  | -1) [potion of mutation]
 13927 | D        | Noticed an orb of fire
 13930 | D        | Killed an orb of fire
 13933 | D        | Noticed an electric golem
 13935 | D        | Killed an electric golem
 13938 | D        | Noticed an orb of fire
 13938 | D        | Noticed a Killer Klown
 13938 | D        | Noticed an orb of fire
 13938 | D        | Noticed an electric golem
 13939 | D        | Noticed an orb of fire
 13947 | D        | Killed an electric golem
 13948 | D        | Noticed an orb of fire
 13950 | D        | Killed an orb of fire
 13951 | D        | Reached XP level 19. HP: 151/151 MP: 20/20
 13955 | D        | Killed a Killer Klown
 13955 | D        | Noticed a Killer Klown
 13956 | D        | Noticed a golden dragon
 13960 | D        | Killed an orb of fire
 13965 | D        | Killed an orb of fire
 13968 | D        | Gained mutation: Armour fits poorly on your strangely
                  | shaped body. [an orb of fire]
 13969 | D        | Gained mutation: Your magical capacity is low. (-10% MP)
                  | [an orb of fire]
 13971 | D        | Killed an orb of fire
 13973 | D        | Noticed an orb of fire
 13976 | D        | Killed a golden dragon
 13982 | D        | Gained mutation: You are robust. (+10% HP) [an orb of fire]
 13988 | D        | Killed an orb of fire
 13999 | D        | Killed a Killer Klown
 14318 | D        | Noticed an ancient lich
 14318 | D        | Noticed an ancient lich
 14323 | D        | Killed an ancient lich
 14338 | D        | Killed an ancient lich
 14339 | D        | Reached skill level 5 in Spellcasting
 14356 | D        | Reached skill level 27 in Stealth
 14560 | D        | Upgraded the game from 0.31-a0-986-g5e6e4ef867 to
                  | 0.31-a0-1071-gaead2f62b1
 14567 | D        | Learned a level 6 spell: Plasma Beam
 14568 | D        | Bought a manual of Armour for 1040 gold pieces
 14568 | D        | Bought an Everburning Encyclopedia for 468 gold pieces
 14568 | D        | Bought a book of Cantrips for 156 gold pieces
 14568 | D        | Bought the Grimoire of Massed Wildfire for 624 gold pieces
 14568 | D        | Bought the Codex of the Amalgamated Coward for 390 gold
                  | pieces
 14568 | D        | Bought a book of Party Tricks for 286 gold pieces
 14602 | D        | Reached skill level 27 in Armour
 14604 | D        | Reached skill level 5 in Air Magic
 14619 | D        | Reached skill level 10 in Spellcasting
 14619 | D        | Reached XP level 20. HP: 160/172 MP: 31/31
 14628 | D        | Reached skill level 10 in Air Magic
 14656 | D        | Got an elven rune of Zot
 14718 | D        | Reached skill level 15 in Air Magic
 14756 | D        | Noticed the Royal Jelly
 14768 | D        | Killed the Royal Jelly
 14787 | D        | Reached skill level 15 in Spellcasting
 14916 | D        | Got a slimy rune of Zot
 15258 | D        | Bought the Secrets of Enthralling Feathers for 630 gold
                  | pieces
 15258 | D        | Bought a There-And-Back Book for 450 gold pieces
 15258 | D        | Bought a book of Blood for 420 gold pieces
 15258 | D        | Bought the Lessons on the Adder and Lava for 420 gold
                  | pieces
 15266 | D        | Reached skill level 1 in Fire Magic
 15390 | D        | Noticed a royal mummy
 15390 | D        | Noticed a royal mummy
 15390 | D        | Noticed a royal mummy
 15390 | D        | Noticed a royal mummy
 15391 | D        | Noticed a royal mummy
 15397 | D        | Killed a royal mummy
 15398 | D        | Reached skill level 5 in Fire Magic
 15404 | D        | Killed a royal mummy
 15408 | D        | Killed a royal mummy
 15408 | D        | HP: 2/172 [something (16)]
 15412 | D        | Killed a royal mummy
 15422 | D        | Killed a royal mummy
 15436 | D        | Got a golden rune of Zot
 15569 | D        | Got an abyssal rune of Zot
 16389 | D        | Got the Orb of Zot
 16563 | D        | Reached skill level 10 in Fire Magic
 16702 | D        | Noticed Woebamm the pandemonium lord
 16724 | D        | Killed Woebamm the pandemonium lord
 16725 | D        | Reached skill level 27 in Evocations
 16807 | D        | Reached XP level 21. HP: 179/179 MP: 39/42
 16811 | D        | Reached skill level 27 in Air Magic
 17174 | D        | Reached skill level 15 in Fire Magic
 17853 | D        | Noticed Fidid the pandemonium lord
 17854 | D        | Noticed an ancient lich
 17867 | D        | Killed Fidid the pandemonium lord
 17876 | D        | Killed an ancient lich
 18340 | D        | Noticed Liypi the pandemonium lord
 18370 | D        | Killed Liypi the pandemonium lord
 18458 | D        | Escaped with the Orb!

Illustrated notes

Levels and vault maps discovered:
D:        linesprint [early_d, line_temple, items_1, d_10, items_2, lair_1,
          lair_end, items_3, orc_1, orc_end, items_4, d_15, swamp_1, shoals_1,
          snake_1, spider_1, d_20, vaults_1, items_5, swamp_end, shoals_end,
          snake_end, spider_end, vaults_end, d_27, items_6, zot_1, zot_end,
          crypt_end, forest_end, elf_end, slime_end, tomb_end, abyss_end,
          pan_hell_end]

Skill      XL: |  1  2  3  4  5  6  7  8  9 10 11 12 13 14 15 16 17 18 19 20 21 |
---------------+----------------------------------------------------------------+-----
Shapeshifting  | 4 5 8 9 10 11 12 16 20 23 26 27 | 27.0
Unarmed Combat | 5 6 7 9 10 11 13 15 17 18 19 21 22 26 27 | 27.0
Fighting       | 2 3 4 6 7 9 10 11 12 14 16 17 19 27 | 27.0
Dodging        | 3 4 5 6 7 9 13 18 25 27 | 27.0
Evocations     | 1 2 3 4 14 21 25 27 | 27.0
Armour         | 1 3 6 9 13 21 27 | 27.0
Stealth        | 2 3 15 22 27 | 27.0
Spellcasting   | 10 21 25 | 25.8
Air Magic      | 8 26 27 | 27.0
Fire Magic     | 11 22 | 22.0

Action                     |  1- 3 |  4- 6 |  7- 9 | 10-12 | 13-15 | 16-18 | 19-21 || total
---------------------------+-------+-------+-------+-------+-------+-------+-------++-------
  Melee: Unarmed           |    14 |     9 |    55 |   304 |   353 |   375 |   565 ||  1675
         Kick              |     4 |     4 |     7 |    46 |       |    29 |   107 ||   197
         Punch             |     1 |       |     3 |     9 |    46 |    65 |   112 ||   236
         Peck              |     1 |     3 |     8 |    36 |       |    18 |    74 ||   140
         Constrict         |       |       |       |    33 |       |       |       ||    33
         Bite              |       |       |       |       |       |     7 |       ||     7
         Tailslap          |       |       |       |       |       |     5 |       ||     5
 Invoke: Call Merchant     |       |       |       |     2 |     3 |     3 |     4 ||    12
         Potion Petition   |       |       |       |     2 |     2 |       |     1 ||     5
Ability: Blinkbolt         |       |       |       |       |     3 |     3 |       ||     6
  Evoke: Wand              |       |     2 |     6 |     2 |       |       |       ||    10
    Use: Potion            |     1 |       |     2 |     9 |     1 |     3 |       ||    16
         Scroll            |       |       |       |     7 |       |     2 |       ||     9
   Stab: Distracted        |       |       |     2 |     6 |    15 |    13 |    16 ||    52
         Invisible         |       |       |       |     6 |       |       |       ||     6
         Sleeping          |       |       |       |       |     1 |    10 |    14 ||    25
 Armour: Animal skin       |     2 |       |       |       |       |       |       ||     2
         Scale mail        |       |     1 |    12 |    56 |       |    16 |    33 ||   118
         Skin              |       |       |    15 |    47 |    45 |    41 |    27 ||   175
  Dodge: Dodged            |     8 |     8 |    25 |   120 |   273 |   300 |   353 ||  1087
  Block: Other             |       |       |       |    21 |    30 |     8 |       ||    59
         Reflection        |       |       |       |       |     1 |       |       ||     1
   Form: Storm             |       |       |       |     2 |       |     2 |       ||     4
         Flux              |       |       |       |     1 |       |       |       ||     1
         Anaconda          |       |       |       |     1 |       |       |       ||     1
         Death             |       |       |       |       |       |     1 |     1 ||     2
                           |       |       |       |       |       |     1 |       ||     1
         Dragon            |       |       |       |       |       |     1 |       ||     1

Table legend: (Time is in decaauts) A = Elapsed time spent in this place. B = Non-inter-level travel time spent in this place. C = Inter-level travel time spent in this place. D = Time resting spent in this place. E = Time spent auto-exploring this place. F = Levels seen in this place. G = Mean time per level. A B C D E F G +--------+--------+--------+--------+--------+-----+--------+ Total | 17775 | 13352 | 4423 | 7262 | 0 | 1 | 17775.0 | Dungeon | 17775 | 13352 | 4423 | 7262 | 0 | 1 | 17775.0 | +--------+--------+--------+--------+--------+-----+--------+

Top non-repeatable levels by time:
       D: 17775 daAuts
